 Dungeon Crawl Stone Soup version 0.25-a0-697-g890751e (webtiles) character file.

Game seed: 18227097215710386246, levelgen mode: deterministic

241 BlueFish the Cudgeler (level 5, -7/41 HPs)
             Began as a Demonspawn Gladiator on Apr 1, 2020.
             Mangled by an ogre
             ... wielding a +0 giant spiked club
              (27 damage)
             ... on level 4 of the Dungeon.
             The game lasted 00:06:54 (3245 turns).

BlueFish the Cudgeler (Demonspawn Gladiator)        Turns: 3245, Time: 00:06:55

Health: -7/41      AC:  4    Str: 15    XL:     5   Next: 80%
Magic:  5/5        EV: 13    Int: 10    God:
Gold:   173        SH:  0    Dex: 14    Spells: 4/4 levels left

rFire    . . .     SeeInvis .   h - +3 spear
rCold    . . .     Gourm    .   (no shield)
rNeg     . . .     Faith    .   b - +1 leather armour
rPois    .         Spirit   .   (helmet restricted)
rElec    .         Reflect  .   (no cloak)
rCorr    .         Harm     .   (no gloves)
MR       .....                  (no boots)
Stlth    +.........             (no amulet)
HPRegen  0.13/turn              (no ring)
MPRegen  0.09/turn              (no ring)

@: no status effects
A: antennae 2, hooves 2
a: no special abilities


You were on level 4 of the Dungeon.
You were not hungry.

You visited 1 branch of the dungeon, and saw 4 of its levels.

You collected 173 gold pieces.

Inventory:

Hand Weapons
 a - a +0 flail
 h - a +3 spear (weapon)
Missiles
 d - 3 throwing nets (quivered)
Armour
 b - a +1 leather armour (worn)
Scrolls
 e - 4 scrolls of enchant armour
Potions
 c - a potion of stabbing {unknown}
 i - a potion of brilliance
 j - 2 potions of curing
 k - a potion of resistance
 m - a potion of berserk rage {unknown}
Comestibles
 f - 6 rations
 g - a chunk of flesh


   Skills:
 * Level 3.4 Fighting
 + Level 3.4 Maces & Flails
 + Level 2.8 Polearms
 + Level 1.7 Throwing
 + Level 1.8 Armour
 + Level 3.0 Dodging


You had 4 spell levels left.
You didn't know any spells.
Your spell library was empty.

Dungeon Overview and Level Annotations

Branches:
Dungeon (4/15)
 Temple: D:4-7

Altars:
Okawaru
Trog
Yredelemnul


Innate Abilities, Weirdness & Mutations

You have a pair of antennae on your head.
You have hoof-like feet.


Message History

You are too injured to fight recklessly!
You are too injured to fight recklessly!
You are too injured to fight recklessly!
You are too injured to fight recklessly!
You are too injured to fight recklessly!
You are too injured to fight recklessly!
You are too injured to fight recklessly!
You are too injured to fight recklessly!
You are too injured to fight recklessly!
You are too injured to fight recklessly!
You are too injured to fight recklessly!
You are too injured to fight recklessly!
You are too injured to fight recklessly!
You hit the ogre.
The ogre is heavily wounded.
You barely miss the ogre.
The ogre is heavily wounded.
The ogre hits you with a +0 giant spiked club!!
Ouch! That really hurt!
You die...

##### #.... . +....
..#.... .......
##..O######
#....@....#
#....#....#
#....#....#
########+####...#
##....#.....##...##
#.....#.....#.....#
#.....#.....#.....#
#.....#.....#.....#
#....[#.....#.....#


You could see an ogre.

Vanquished Creatures
  An orc priest (D:3)
  Jessica (D:3)
  Terence (D:3)
  6 adders (D:3)
  2 oozes
  2 worms
  2 dart slugs
  2 leopard geckos
  7 orcs
  12 bats
  3 giant cockroaches
  11 goblins
  3 hobgoblins
  7 jackals
  8 kobolds
  17 rats
  A spectral orc (D:3)
86 creatures vanquished.

Notes
Turn   | Place    | Note
-------+----------+-------------------------------------------
     0 | D:1      | BlueFish the Demonspawn Gladiator began the quest for the
                  | Orb.
     0 | D:1      | Reached XP level 1. HP: 16/16 MP: 1/1
    38 | D:1      | Gained mutation: You have large cloven feet. [demonic
                  | ancestry]
    38 | D:1      | Reached XP level 2. HP: 1/22 MP: 2/2
    42 | D:1      | HP: 1/22 [bat (1)]
   474 | D:1      | Gained mutation: You have a pair of small antennae on your
                  | head. [demonic ancestry]
   474 | D:1      | Reached XP level 3. HP: 25/27 MP: 3/3
  1168 | D:2      | Found an iron altar of Okawaru,
  1914 | D:3      | Reached skill level 1 in Polearms
  1914 | D:3      | Gained mutation: You have hoof-like feet. [demonic
                  | ancestry]
  1914 | D:3      | Reached XP level 4. HP: 30/34 MP: 4/4
  1947 | D:3      | Reached skill level 1 in Armour
  1995 | D:3      | Found a bloodstained altar of Trog,
  1995 | D:3      | Found an iron altar of Okawaru,
  2162 | D:3      | Noticed Terence
  2169 | D:3      | Killed Terence
  2169 | D:3      | Gained mutation: You have a pair of antennae on your head.
                  | [demonic ancestry]
  2169 | D:3      | Reached XP level 5. HP: 11/40 MP: 5/5
  2929 | D:3      | Noticed Jessica
  2931 | D:3      | Killed Jessica
  3081 | D:3      | Found a basalt altar of Yredelemnul,
  3237 | D:4      | Noticed an ogre
  3245 | D:4      | Mangled by an ogre

Levels and vault maps discovered:
D:1:      erik_arrival_orb_chamber, layout_basic, chequers_serial_rivers_large_a
D:2:      layout_loops_ring, first_ration, okawaru_trees_1
D:3:      layout_loops_corners, chequers_temple_overflow_statue_of_worship,
          yredelemnul_forgotten_temple_becter, uniq_jessica, uniq_terence
D:4:      layout_gridville, serial_shops, nicolae_shop_stone

Skill      XL: |  1  2  3  4  5 |
---------------+----------------+-----
Maces & Flails | 3 |  3.4
Dodging        | 3 |  3.0
Polearms       | 1 2 |  2.8
Armour         | 1 |  1.8
Fighting       | 3 |  3.4
Throwing       | |  1.7

Action                   |  1- 3 |  4- 6 || total
-------------------------+-------+-------++-------
Melee: Flail             |    61 |       ||    61
       Spear             |    72 |   112 ||   184
       Kick              |    17 |    26 ||    43
  Use: Scroll            |     4 |     4 ||     8
  Eat: Chunk             |     3 |     5 ||     8
Armor: Leather armour    |    35 |    14 ||    49
Dodge: Dodged            |    94 |    47 ||   141

Table legend:
 A = Non-vault XP
 B = Vault XP
 C = Vault XP percentage of total XP
 D = Non-vault monster count
 E = Vault monster count
 F = Vault count percentage of total count
                 A         B        C        D         E       F
            +---------+---------+-------+---------+---------+-------
      Total |     259 |      86 |  24.9 |      71 |      15 |  17.4
            +---------+---------+-------+---------+---------+-------
        D:1 |      41 |      12 |  22.6 |      20 |      12 |  37.5
        D:2 |      41 |       0 |   0.0 |      18 |       0 |   0.0
        D:3 |     177 |      74 |  29.5 |      33 |       3 |   8.3
            +---------+---------+-------+---------+---------+-------
